IL
ROCHESTER RED WINGS @ TACOMA RAINIERS
04/19/2048
 
TOP OF THE 1ST
Rochester Red Wings batting - Pitching for Tacoma Rainiers : RHP Jake Underhill
Pitching: RHP Jake Underhill
Batting: RHB Joe Young 0-0: Ball
1-0: Ball
2-0: Called Strike
2-1: Fly out, F8 (Flyball, 8RM, EV 89.4 MPH)
Batting: LHB Harris Vink 0-0: Ball
1-0: SINGLE (Groundball, 34D, EV 103.1 MPH)
Batting: LHB Kuemon Shishido 0-0: Ball
1-0: Called Strike
1-1: Called Strike
Harris Vink steals 2nd base (no throw)
1-2: SINGLE (Groundball, 34, EV 95.6 MPH)
Harris Vink to third
Batting: SHB Dan Morataya 0-0: Swinging Strike
0-1: Fielders Choice at 2nd, 4-6 (Groundball, 4, EV 85.6 MPH)
Harris Vink scores
Batting: LHB Chris Munguia 0-0: Called Strike
0-1: Called Strike
0-2: Strikes out looking
Top of the 1st over - 1 run, 2 hits, 0 errors, 1 left on base; Rochester 1 - Tacoma 0
BOTTOM OF THE 1ST
Tacoma Rainiers batting - Pitching for Rochester Red Wings : RHP Matt Springer
Pitching: RHP Matt Springer
Batting: RHB Rick Ellis 0-0: Swinging Strike
0-1: Swinging Strike
0-2: Ball
1-2: Strikes out swinging
Batting: LHB Jawad Fahad 0-0: Ground out 6-3 (Groundball, 6, EV 76.9 MPH)
Batting: SHB Ray Skogen 0-0: Ball
1-0: Foul Ball, location: 2F
1-1: Called Strike
1-2: Hit by Pitch
Batting: LHB Ryan Lowe 0-0: Foul Ball, location: 2F
0-1: DOUBLE (Line Drive, 9LS, EV 104.4 MPH)
Ray Skogen to third
Runner from 3rd tries for Home, throw by RF and OUT! 9-4-2
Bottom of the 1st over - 0 runs, 1 hit, 0 errors, 1 left on base; Rochester 1 - Tacoma 0
TOP OF THE 2ND
Rochester Red Wings batting - Pitching for Tacoma Rainiers : RHP Jake Underhill
Batting: RHB Manuel Juarez 0-0: Foul Ball, location: 2F
0-1: Swinging Strike
0-2: Strikes out looking
Batting: RHB Ryan Gautney 0-0: Ground out 5-3 (Groundball, 56S, EV 63.8 MPH)
Batting: RHB Mike Craver 0-0: Ball
1-0: Ground out 4-3 (Groundball, 4, EV 105.0 MPH)
Top of the 2nd over - 0 runs, 0 hits, 0 errors, 0 left on base; Rochester 1 - Tacoma 0
BOTTOM OF THE 2ND
Tacoma Rainiers batting - Pitching for Rochester Red Wings : RHP Matt Springer
Batting: RHB Josh Ruhl 0-0: Called Strike
0-1: Swinging Strike
0-2: Ball
1-2: Ball
2-2: Strikes out swinging
Batting: RHB Brad Robidas 0-0: Called Strike
0-1: SINGLE (Groundball, 56, EV 109.4 MPH)
Batting: RHB Chris Olheiser 0-0: Swinging Strike
0-1: Ball
1-1: Ball
2-1: Foul Ball, location: 2F
2-2: Ball
3-2: Strikes out swinging
Brad Robidas is caught stealing 2nd base 2-4
Batter strikes out.
Bottom of the 2nd over - 0 runs, 1 hit, 0 errors, 0 left on base; Rochester 1 - Tacoma 0
TOP OF THE 3RD
Rochester Red Wings batting - Pitching for Tacoma Rainiers : RHP Jake Underhill
Batting: RHB Dan Grable 0-0: Fly out, F3 (Popup, 3L, EV 76.2 MPH)
Batting: RHB Joe Young 0-0: Called Strike
0-1: Ball
1-1: Swinging Strike
1-2: Strikes out swinging
Batting: LHB Harris Vink 0-0: Ball
1-0: Ball
2-0: Foul Ball, location: 2F
2-1: Ground out 4-3 (Groundball, 4, EV 105.0 MPH)
Top of the 3rd over - 0 runs, 0 hits, 0 errors, 0 left on base; Rochester 1 - Tacoma 0
BOTTOM OF THE 3RD
Tacoma Rainiers batting - Pitching for Rochester Red Wings : RHP Matt Springer
Batting: RHB Max Schellekens 0-0: Ball
1-0: Ground out 4-3 (Groundball, 34, EV 84.4 MPH)
Batting: RHB Steve Martin 0-0: Called Strike
0-1: Ball
1-1: Called Strike
1-2: Strikes out swinging
Batting: RHB Rick Ellis 0-0: Ball
1-0: Ball
2-0: Foul Ball, location: 2F
2-1: Called Strike
2-2: Ground out 6-3 (Groundball, 56, EV 83.1 MPH)
Bottom of the 3rd over - 0 runs, 0 hits, 0 errors, 0 left on base; Rochester 1 - Tacoma 0
TOP OF THE 4TH
Rochester Red Wings batting - Pitching for Tacoma Rainiers : RHP Jake Underhill
Batting: LHB Kuemon Shishido 0-0: Hit by Pitch
Batting: SHB Dan Morataya 0-0: Foul Ball, location: 2F
0-1: Ball
1-1: Swinging Strike
1-2: Strikes out looking
Batting: LHB Chris Munguia 0-0: Foul Ball, location: 2F
0-1: Ball
1-1: Ball
2-1: Ball
3-1: Fly out, F6 (Popup, 4MS, EV 81.9 MPH)
Batting: RHB Manuel Juarez 0-0: Called Strike
0-1: Swinging Strike
0-2: Strikes out looking
Top of the 4th over - 0 runs, 0 hits, 0 errors, 1 left on base; Rochester 1 - Tacoma 0
BOTTOM OF THE 4TH
Tacoma Rainiers batting - Pitching for Rochester Red Wings : RHP Matt Springer
Batting: LHB Jawad Fahad 0-0: Foul Ball, location: 2F
0-1: Ball
1-1: Ball
2-1: Ball
3-1: Base on Balls
Batting: SHB Ray Skogen 0-0: Called Strike
0-1: Ball
1-1: Foul Ball, location: 2F
1-2: Foul Ball, location: 2F
1-2: Fielders Choice at 2nd, 3-6 (Groundball, 3, EV 87.5 MPH)
Batting: LHB Ryan Lowe 0-0: Called Strike
Ray Skogen is caught stealing 2nd base 2-6
0-1: Ball
1-1: Ball
2-1: Called Strike
2-2: Ball
3-2: Ground out 4-3 (Groundball, 4, EV 83.1 MPH)
Bottom of the 4th over - 0 runs, 0 hits, 0 errors, 0 left on base; Rochester 1 - Tacoma 0
TOP OF THE 5TH
Rochester Red Wings batting - Pitching for Tacoma Rainiers : RHP Jake Underhill
Batting: RHB Ryan Gautney 0-0: Called Strike
0-1: Ball
1-1: Ball
2-1: SINGLE (Flyball, 9LS, EV 95.6 MPH)
Batting: RHB Mike Craver 0-0: Foul Ball, location: 2F
0-1: Foul Ball, location: 2F
0-2: Ball
1-2: Grounds into double play, 4-6-3 (Groundball, 4, EV 81.2 MPH)
Batting: RHB Dan Grable 0-0: Called Strike
0-1: Foul Ball, location: 2F
0-2: Strikes out swinging
Top of the 5th over - 0 runs, 1 hit, 0 errors, 0 left on base; Rochester 1 - Tacoma 0
BOTTOM OF THE 5TH
Tacoma Rainiers batting - Pitching for Rochester Red Wings : RHP Matt Springer
Batting: RHB Josh Ruhl 0-0: Ball
1-0: Ball
2-0: Ball
3-0: Base on Balls
Batting: RHB Brad Robidas 0-0: Called Strike
0-1: SINGLE (Groundball, 6MS, EV 67.5 MPH) (infield hit)
Josh Ruhl to second
Batting: RHB Chris Olheiser 0-0: Called Strike
0-1: Foul Ball, location: 2F
0-2: Strikes out swinging
Batting: RHB Max Schellekens 0-0: SINGLE (Groundball, 56D, EV 103.8 MPH)
Josh Ruhl to third
Brad Robidas to second
Runner from 3rd tries for Home, throw by LF and OUT! 7-2
Batting: RHB Steve Martin 0-0: Ball
1-0: Called Strike
1-1: Ball
2-1: Ball
3-1: Ground out 4-3 (Groundball, 4, EV 90.6 MPH)
Bottom of the 5th over - 0 runs, 2 hits, 0 errors, 2 left on base; Rochester 1 - Tacoma 0
TOP OF THE 6TH
Rochester Red Wings batting - Pitching for Tacoma Rainiers : RHP Jake Underhill
Batting: RHB Joe Young 0-0: Called Strike
0-1: Foul Ball, location: 2F
0-2: Ball
1-2: Ball
2-2: Fly out, F9 (Flyball, 9D, EV 86.2 MPH)
Batting: LHB Harris Vink 0-0: Ball
1-0: Ball
2-0: Ball
3-0: Base on Balls
Batting: LHB Kuemon Shishido 0-0: Ball
1-0: Called Strike
Harris Vink steals 2nd base
1-1: Foul Ball, location: 2F
1-2: Ball
2-2: Ball
3-2: Ground out 6-3 (Groundball, 6, EV 84.4 MPH)
Harris Vink to third
Batting: SHB Dan Morataya 0-0: Ball
1-0: Ball
2-0: Ball
3-0: Called Strike
3-1: Base on Balls
Batting: LHB Chris Munguia 0-0: Ball
1-0: Ball
2-0: Fly out, F6 (Flyball, 6MD, EV 94.4 MPH)
Top of the 6th over - 0 runs, 0 hits, 0 errors, 2 left on base; Rochester 1 - Tacoma 0
BOTTOM OF THE 6TH
Tacoma Rainiers batting - Pitching for Rochester Red Wings : RHP Matt Springer
Batting: RHB Rick Ellis 0-0: DOUBLE (Line Drive, 9LS, EV 98.8 MPH)
Batting: LHB Jawad Fahad 0-0: Ball
1-0: Ball
2-0: Called Strike
2-1: Swinging Strike
2-2: Ball
3-2: Base on Balls
Batting: SHB Ray Skogen 0-0: Called Strike
0-1: Ball
1-1: Fly out, F7 (Flyball, 78M, EV 76.9 MPH)
Batting: LHB Ryan Lowe 0-0: Foul Ball, location: 2F
0-1: Ball
1-1: Swinging Strike
1-2: Ball
2-2: Ball
3-2: Strikes out swinging
Batting: RHB Josh Ruhl 0-0: Ball
1-0: Called Strike
1-1: Called Strike
1-2: Fly out, F8 (Line Drive, 8RM, EV 100.6 MPH)
Bottom of the 6th over - 0 runs, 1 hit, 0 errors, 2 left on base; Rochester 1 - Tacoma 0
TOP OF THE 7TH
Rochester Red Wings batting - Pitching for Tacoma Rainiers : RHP Jake Underhill
Batting: RHB Manuel Juarez 0-0: Ball
1-0: Called Strike
1-1: Swinging Strike
1-2: Ball
2-2: Fly out, F6 (Popup, 4M, EV 58.8 MPH)
Batting: RHB Ryan Gautney 0-0: Ball
1-0: DOUBLE (Line Drive, 89D, EV 105.6 MPH)
Batting: RHB Mike Craver 0-0: Ball
1-0: Ball
2-0: Called Strike
2-1: Called Strike
2-2: Ground out U3 (Groundball, 34D, EV 93.1 MPH)
Ryan Gautney to third
Batting: RHB Dan Grable 0-0: Called Strike
0-1: Foul Ball, location: 2F
0-2: SINGLE (Line Drive, 7S, EV 107.5 MPH)
Ryan Gautney scores
Batting: RHB Joe Young 0-0: Called Strike
0-1: SINGLE (Groundball, 4MD, EV 104.4 MPH)
Dan Grable to second
Batting: LHB Harris Vink 0-0: Called Strike
0-1: Swinging Strike
0-2: Ball
1-2: Strikes out looking
Top of the 7th over - 1 run, 3 hits, 0 errors, 2 left on base; Rochester 2 - Tacoma 0
BOTTOM OF THE 7TH
Tacoma Rainiers batting - Pitching for Rochester Red Wings : RHP Matt Springer
Batting: RHB Brad Robidas 0-0: Called Strike
0-1: Swinging Strike
0-2: Strikes out swinging
Batting: RHB Chris Olheiser 0-0: Foul Ball, location: 2F
0-1: Ball
1-1: Swinging Strike
1-2: Strikes out swinging
Batting: RHB Max Schellekens 0-0: SINGLE (Line Drive, 8RS, EV 100.0 MPH)
Batting: RHB Steve Martin 0-0: Ball
1-0: Called Strike
1-1: Called Strike
1-2: Ball
2-2: Ball
3-2: Foul Ball, location: 2F
3-2: Base on Balls
Max Schellekens to second
Pitching: LHP Antoine Champagne
Batting: RHB Rick Ellis 0-0: Ball
1-0: Fielders Choice at 2nd, 6-4 (Groundball, 56, EV 108.1 MPH)
Bottom of the 7th over - 0 runs, 1 hit, 0 errors, 2 left on base; Rochester 2 - Tacoma 0
TOP OF THE 8TH
Rochester Red Wings batting - Pitching for Tacoma Rainiers : RHP Jake Underhill
Batting: LHB Kuemon Shishido 0-0: Called Strike
0-1: Ball
1-1: Foul Ball, location: 2F
1-2: Strikes out swinging
Batting: SHB Dan Morataya 0-0: Ball
1-0: Ball
2-0: Ball
3-0: Called Strike
3-1: Base on Balls
Pitching: RHP Jace Daniels
Batting: LHB Chris Munguia 0-0: Ball
1-0: SINGLE (Line Drive, 9S, EV 93.1 MPH)
Dan Morataya to second
Runner from 2nd tries for 3rd, OUT! 9-5
Batting: RHB Manuel Juarez 0-0: Called Strike
Chris Munguia steals 2nd base (no throw)
0-1: Ball
1-1: Fly out, F7 (Flyball, 7, EV 93.1 MPH)
Top of the 8th over - 0 runs, 1 hit, 0 errors, 1 left on base; Rochester 2 - Tacoma 0
BOTTOM OF THE 8TH
Tacoma Rainiers batting - Pitching for Rochester Red Wings : LHP Antoine Champagne
Batting: LHB Jawad Fahad 0-0: Foul Ball, location: 2F
0-1: Ball
1-1: Called Strike
1-2: Ball
2-2: Ball
3-2: Base on Balls
Batting: SHB Ray Skogen 0-0: 2-RUN HOME RUN (Line Drive, 9D, EV 103.1 MPH), Distance : 368 ft
Batting: RHB Jeff Cox 0-0: Ball
1-0: Ball
2-0: Foul Ball, location: 2F
2-1: Ball
3-1: Swinging Strike
3-2: Strikes out looking
Batting: RHB Josh Ruhl 0-0: Called Strike
0-1: Called Strike
0-2: Foul Ball, location: 2F
0-2: Ball
1-2: Strikes out swinging
Batting: RHB Brad Robidas 0-0: Ball
1-0: Foul Ball, location: 2F
1-1: Ground out 5-3 (Groundball, 5, EV 85.0 MPH)
Bottom of the 8th over - 2 runs, 1 hit, 0 errors, 0 left on base; Rochester 2 - Tacoma 2
TOP OF THE 9TH
Rochester Red Wings batting - Pitching for Tacoma Rainiers : RHP Jace Daniels
Batting: RHB Ryan Gautney 0-0: Foul Ball, location: 2F
0-1: Ground out 6-3 (Groundball, 6, EV 101.9 MPH)
Pinch Hitting: SHB Ian Thompson 0-0: Ground out 6-3 (Groundball, P, EV 81.9 MPH)
Batting: RHB Dan Grable 0-0: Called Strike
0-1: Called Strike
0-2: Foul Ball, location: 2F
0-2: Ground out 5-3 (Groundball, 56S, EV 90.0 MPH)
Top of the 9th over - 0 runs, 0 hits, 0 errors, 0 left on base; Rochester 2 - Tacoma 2
BOTTOM OF THE 9TH
Tacoma Rainiers batting - Pitching for Rochester Red Wings : LHP Antoine Champagne
Now at 1B: Ian Thompson
Batting: RHB Chris Olheiser 0-0: DOUBLE (Flyball, 78XD, EV 108.1 MPH)
Batting: RHB Max Schellekens 0-0: Foul Ball, location: 2F
0-1: Ball
1-1: Ball
Wild Pitch!
Chris Olheiser to third
2-1: Swinging Strike
2-2: Strikes out swinging
Batting: RHB Steve Martin 0-0: Foul Ball, location: 2F
0-1: SINGLE (Line Drive, 89M, EV 100.6 MPH)
Chris Olheiser scores
Bottom of the 9th over - 1 run, 2 hits, 0 errors, 1 left on base; Rochester 2 - Tacoma 3
Tuesday, March 28th , 2023 - OOTP Baseball 23.10 Build 110